Map: Rifts to Korhal

Players

MattBarry

  • Race: Protoss Protoss
  • Spawn Location: 7:00

MattBarry

  • Race: Zerg Zerg

VOD

Have the link to the VOD?

Description

Time

  • Played on: Jan. 3, 2023, 2:59 a.m.
  • Length: 27:40
Show
View Real Time Build Order
Export as new Build Order

MattBarry Protoss 

Build Orders:  

Get SALT Encoding   

  12  0:02  Probe (Chrono Boost)  
  13  0:16  Probe (Chrono Boost)  
  14  0:26  Pylon  
  14  0:31  Probe (Chrono Boost)  
  15  0:50  Probe (Chrono Boost)  
  15  0:54  Gateway  
  16  1:05  Assimilator  
  16  1:06  Probe (Chrono Boost)  
  17  1:19  Probe (Chrono Boost)  
  18  1:30  Gateway  
  18  1:33  Probe (Chrono Boost)  
  19  1:41  Dark Pylon  
  19  1:46  Probe (Chrono Boost)  
  20  2:00  Cybernetics Core  
  20  2:02  Centurion  
  20  2:04  Probe (Chrono Boost)  
  23  2:15  Assimilator  
  23  2:23  Pylon  
  23  2:40  Centurion x2  
  27  3:07  Warp Gate  
  27  3:19  Stalker  
  29  3:21  Stalker  
  31  3:30  Forge  
  31  3:50  Pylon  
  31  3:52  Protoss Ground Weapons Level 1  
  31  3:59  Gateway  
  31  4:02  Gateway  
  31  4:24  Twilight Council  
  31  4:33  Stalker x2  
  35  4:59  Dark Pylon  
  35  5:29  Nexus  
  35  5:36  Blink  
  35  5:40  Stalker x2  
  35  5:41  Stalker  
  35  6:00  Dark Pylon  
  35  6:31  Stalker x4  
  43  6:42  Protoss Ground Weapons Level 2  
  43  6:47  Probe (Chrono Boost)  
  44  7:17  Dark Shrine  
  44  7:23  Forge  
  44  7:26  Probe (Chrono Boost)  
  46  7:30  Phase Reactor, Probe (Chrono Boost)  
  47  7:40  Probe (Chrono Boost)  
  46  7:46  Probe (Chrono Boost)  
  48  7:55  Probe (Chrono Boost)  
  49  8:03  Probe (Chrono Boost)  
  52  8:20  Protoss Ground Armor Level 1  
  52  8:21  Probe x2 (Chrono Boost)  
  52  8:29  Centurion  
  54  8:30  Centurion x3  
  62  8:40  Probe x2 (Chrono Boost)  
  62  8:42  Assimilator  
  60  9:06  Protoss Ground Weapons Level 3  
  60  9:07  Centurion x3  
  60  9:08  Centurion  
  60  9:29  Probe x2 (Chrono Boost)  
  62  9:32  Shadow Charge, Stargate  
  62  9:37  Photon Cannon  
  62  9:46  Probe x2 (Chrono Boost)  
  64  10:01  Assimilator  
  64  10:06  Probe x2 (Chrono Boost)  
  66  10:14  Argus Crystal  
  66  10:16  Oracle  
  66  10:21  Protoss Ground Armor Level 2  
  66  10:24  Probe (Chrono Boost)  
  67  10:31  Pylon  
  67  10:34  Pylon  
  70  10:43  Centurion x2  
  70  10:44  Centurion  
  76  11:13  Centurion  
  76  11:14  Centurion x2, Mind Control  
  76  11:16  Centurion  
  84  11:23  Darkcoil  
  84  11:37  Dark Pylon  
  70  12:13  Stalker x4  
  66  13:06  Dark Pylon  
  64  13:17  Stalker x3  
  64  13:18  Stalker  
  72  13:31  Gateway  
  72  13:32  Gateway  
  72  13:37  Gateway  
  72  13:39  Gateway  
  72  13:42  Gateway  
  72  13:44  Pylon  
  72  13:47  Pylon  
  72  13:51  Stalker x3  
  72  13:52  Stalker  
  80  14:58  Protoss Ground Armor Level 3  
  80  15:12  Protoss Shields Level 1  
  80  15:14  Stalker x5  
  80  15:15  Stalker x4  
  80  15:19  Oracle  
  98  15:31  Shadow Fury  
  101  15:50  Centurion x5  
  101  15:51  Centurion x4  
  119  16:28  Dark Archon  
  123  16:39  Pylon  
  123  16:41  Pylon  
  123  16:42  Pylon  
  123  16:46  Pylon x2  
  123  16:50  Pylon  
  123  16:52  Pylon  
  123  17:11  Dark Archon x3  
  123  17:15  Centurion x6  
  131  18:07  Dark Archon x2  
  131  18:09  Centurion x5  
  149  18:11  Centurion x2  
  149  19:42  Dark Pylon  
  135  19:54  Dark Archon  
  135  19:55  Dark Archon x2  
  135  19:57  Centurion x4  
  135  19:58  Centurion x2  
  145  21:47  Dark Archon  
  145  21:48  Dark Archon x2  
  157  21:50  Centurion  
  157  21:51  Centurion x3  
  157  21:52  Centurion  
  157  21:53  Centurion  
  169  22:04  Pylon  
  169  22:06  Pylon  
  169  22:22  Stalker x3  
  169  22:23  Stalker x3  
  157  23:53  Dark Pylon  
  157  23:57  Dark Archon x2  
  157  23:59  Dark Archon  
  169  24:00  Centurion x5  
  169  24:01  Centurion  
  181  24:33  Centurion x3  
  181  24:34  Centurion x3  
  193  24:43  Centurion x2  
  193  24:44  Centurion  
  177  25:22  Dark Archon x2  
  177  25:25  Centurion x2  
  177  25:26  Centurion  
  177  25:27  Centurion x3  
  177  25:28  Centurion  
  195  27:25  Dark Pylon  
Show
View Real Time Build Order
Export as new Build Order

MattBarry Zerg 

Build Orders:  

Get SALT Encoding   

  18  0:03  Primal Drone  
  19  0:11  Primal Drone  
  19  0:18  Primal Drone  
  21  0:25  Primal Drone  
  22  0:48  Primal Warden  
  23  0:55  Primal Drone  
  24  1:01  Extractor  
  24  1:19  Extractor  
  24  1:20  Primal Drone x2  
  24  1:24  Primal Drone  
  27  1:40  Primal Drone  
  28  1:54  Primal Zergling  
  29  2:25  Glevig's Den  
  28  2:35  Primal Zergling x2  
  28  2:37  Primal Drone x3  
  33  2:46  Primal Attacks Level 1  
  33  3:26  Primal Drone x3  
  36  3:39  Primal Drone  
  38  3:40  Primal Warden  
  43  4:13  Primal Hive  
  43  4:34  Primal Drone x3, Murvar's Den  
  43  4:36  Primal Drone  
  46  4:49  Primal Roach  
  48  4:51  Primal Roach  
  51  5:30  Primal Warden  
  51  5:34  Primal Warden  
  47  6:28  Primal Roach x2  
  47  6:29  Primal Roach x4  
  59  6:30  Primal Roach x3  
  59  6:39  Primal Drone  
  66  6:40  Primal Drone x2  
  66  6:43  Primal Drone  
  66  6:48  Primal Drone  
  68  7:24  Primal Guardian  
  68  7:25  Primal Guardian x2  
  65  7:30  Primal Igniter  
  65  7:36  Primal Roach x3  
  65  7:39  Primal Drone  
  71  7:40  Primal Drone x7  
  78  8:11  Primal Roach  
  78  8:12  Primal Roach x5  
  90  8:38  Explosive Spores  
  90  8:55  Dakrun's Den  
  90  8:58  Extractor  
  90  8:59  Extractor  
  89  9:12  Primal Roach x2  
  89  9:13  Primal Roach  
  95  9:38  Primordial Fury  
  95  9:44  Primal Drone  
  95  9:45  Primal Drone x8  
  95  9:46  Primal Drone  
  105  10:04  Primal Wurm  
  107  10:11  Primal Wurm  
  107  10:21  Primal Hydralisk x2  
  107  10:22  Primal Hydralisk x2  
  115  10:39  Primal Attacks Level 2  
  115  10:42  Primal Carapace Level 1  
  115  11:18  Healing Adaptation  
  115  11:22  Primal Ultralisk  
  121  12:16  Primal Hydralisk x2  
  121  12:17  Primal Hydralisk x4  
  121  12:18  Barrage of Spikes  
  115  12:51  Primal Hydralisk  
  115  12:52  Primal Hydralisk x5  
  115  12:53  Primal Hydralisk x2  
  115  12:54  Primal Hydralisk  
  131  13:15  Primal Hydralisk x2  
  135  13:30  Muscular Augments  
  135  13:48  Primal Ultralisk  
  135  15:09  Primal Ultralisk  
  141  15:10  Primal Ultralisk x2  
  153  15:53  Primal Ultralisk  
  153  15:54  Primal Ultralisk  
  162  16:24  Primal Ultralisk  
  168  16:57  Primal Ultralisk  
  174  17:02  Primal Roach x2  
  174  17:03  Primal Roach x2  
  158  18:11  Primal Ultralisk x2  
  158  18:14  Primal Ultralisk  
  159  19:56  Primal Warden  
  159  20:01  Primal Ultralisk x3  
  159  20:02  Primal Ultralisk  
  177  21:10  Primal Ultralisk x2  
  165  21:51  Primal Ultralisk x2  
  174  22:32  Primal Roach  
  174  22:33  Primal Roach x12  
  200  22:46  Primal Guardian  
  191  23:49  Primal Ultralisk  
  194  24:21  Primal Ultralisk  
  200  24:56  Brutal Charge  
  182  25:11  Primal Ultralisk  
  188  25:25  Primal Guardian x2  
  188  25:29  Primal Igniter x2  
  184  25:31  Primal Igniter x3  
  184  25:32  Primal Igniter  
  180  25:47  Primal Hydralisk x3  
Tags
 
Commander
DehakaVorazun
Matchup
Co-op
Replay Pack
Multiplayer
Add a new tag
Caveats
  • Supply blocks, unpowered buildings, or Contaminate may cause inaccurate times.
  • Supply counts are checked every 10 seconds.